 Dungeon Crawl Stone Soup version 0.25-a0-528-g6b7c99946c (webtiles) character file.

Game seed: 7204136554349215182, levelgen mode: deterministic

335713 Flugslaktarn the Severer (level 20, 0/204 HPs)
             Began as a Deep Dwarf Fighter on Feb 19, 2020.
             Was the Champion of Makhleb.
             Slain by a golden dragon (3 damage)
             ... on level 5 of the Depths.
             The game lasted 00:23:46 (18551 turns).

Flugslaktarn the Severer (Deep Dwarf Fighter)      Turns: 18551, Time: 00:23:46

Health: 0/204      AC: 33    Str: 27    XL:     20   Next: 58%
Magic:  4/4        EV:  5    Int: 11    God:    Makhleb [******]
Gold:   1759       SH: 23    Dex: 21    Spells: 19/19 levels left

rFire    + + .     SeeInvis .   l - +6 broad axe (freeze)
rCold    + + +     Gourm    .   d - +0 tower shield
rNeg     + . .     Faith    .   y - +5 gold dragon scales
rPois    +         Spirit   .   s - +0 helmet
rElec    .         Reflect  .   E - +2 cloak "Aleliem" {rC++}
rCorr    .         Harm     .   (no gloves)
MR       +++++                  a - +0 pair of boots of Fallacy {MR++ Dex+9 Stlth-}
Stlth    ..........             (no amulet)
HPRegen  0.00/turn              f - ring of protection from fire
MPRegen  0.09/turn              p - +3 ring of protection

@: lethally poisoned (0 -> 0), corroded, non-regenerating
A: damage resistance, heal wounds, negative energy resistance 1, sense
surroundings 3, no regeneration
}: 3/15 runes: decaying, silver, gossamer
a: Heal Wounds, Minor Destruction, Lesser Servant of Makhleb, Major Destruction,
Greater Servant of Makhleb, Renounce Religion


You were on level 5 of the Depths.
You worshipped Makhleb.
Makhleb was exalted by your worship.
You were very hungry.

You visited 7 branches of the dungeon, and saw 38 of its levels.
You also visited: Gauntlet.

You collected 1991 gold pieces.
You spent 232 gold pieces at shops.

Inventory:

Hand Weapons
 l - a +6 broad axe of freezing (weapon)
   (You found it on level 4 of the Dungeon)
Missiles
 D - a throwing net (quivered)
Armour
 a - the +0 pair of boots of Fallacy (worn) {MR++ Dex+9 Stlth-}
   (You found it on level 5 of the Vaults)

   It affects your dexterity (+9).
   It affects your resistance to hostile enchantments.
   It makes you less stealthy.
   If you remove this armour, your AC will decrease by 2 (33 -> 31).
 d - a +0 tower shield (worn)
   (You took it off Louise on level 14 of the Dungeon)
 s - a +0 helmet (worn)
   (You found it on level 7 of the Dungeon)
 y - +5 gold dragon scales (worn)
   (You found it on level 5 of the Vaults)
 E - the +2 cloak "Aleliem" (worn) {rC++}
   (You found it in a Gauntlet)

   It greatly protects you from cold.
   If you remove this armour, your AC will decrease by 4 (33 -> 29).
 I - the -1 pair of boots of Lesicur {rF+ rC- rN+}
   (You found it in a Gauntlet)

   It protects you from fire.
   It makes you vulnerable to cold.
   It protects you from negative energy.
   If you switch to wearing this armour, your AC will decrease by 1 (33 -> 32).
 N - +0 fire dragon scales
   (You found it on level 3 of the Lair of Beasts)
Jewellery
 f - a ring of protection from fire (left hand)
   (You found it on level 11 of the Dungeon)
 k - an uncursed ring of resist corrosion
   (You found it on level 9 of the Dungeon)
 m - an uncursed ring of protection from magic
   (You took it off a minotaur in a Gauntlet)
 o - an uncursed ring of poison resistance
   (You found it on level 10 of the Dungeon)
 p - a +3 ring of protection (right hand)
   (You found it on level 14 of the Dungeon)
 L - a cursed ring of protection from fire
   (You found it on level 4 of the Depths)
Wands
 v - a wand of digging (7)
   (You took it off Crazy Yiuf on level 6 of the Dungeon)
 A - a wand of clouds (6)
   (You found it on level 15 of the Dungeon)
 C - a wand of iceblast (3)
   (You took it off Maurice on level 8 of the Dungeon)
 K - a wand of acid (11)
   (You found it on level 1 of the Spider Nest)
Scrolls
 b - 5 scrolls of remove curse
 c - 2 scrolls of fog
 g - 4 scrolls of magic mapping
 r - 5 scrolls of identify
 t - 9 scrolls of teleportation
 z - a scroll of fear
 F - a scroll of silence {unknown}
 G - 4 scrolls of immolation
Potions
 i - 4 potions of flight
 j - 6 potions of ambrosia
 n - a potion of resistance
 q - a potion of curing
 u - 4 potions of lignification
 w - 3 potions of heal wounds
 x - a potion of cancellation
 B - a potion of magic
 H - 2 potions of stabbing
 J - 2 potions of brilliance
Comestibles
 e - 27 rations


   Skills:
 * Level 18.1 Fighting
 - Level 18.9 Axes
 + Level 18.0 Armour
 + Level 18.1 Shields
 - Level 15.3 Invocations


You had 19 spell levels left.
You didn't know any spells.
Your spell library was empty.

Dungeon Overview and Level Annotations

Branches:
Dungeon (15/15)            Temple (1/1) D:5            Lair (4/6) D:9
  Swamp (4/4) Lair:4       Spider (4/4) Lair:3          Orc (0/2) D:12
 Vaults (5/5) D:14          Crypt (0/3) Vaults:2     Depths (5/5) D:15
    Zot (0/5) Depths:5    Gauntlet (visited)

Altars:
Cheibriados
Dithmenos
Elyvilon
Fedhas
Gozag
Kikubaaqudgha
Makhleb
Nemelex Xobeh
Okawaru
Qazlal
Sif Muna
Uskayaw
Wu Jian
Xom
Yredelemnul
The Shining One
Beogh
Jiyva

Shops:
D:12 ?}*   Vaults:4 *

Portals:
Hell: Depths:1 Depths:2 Depths:4
Trove: D:11 (give +6 demon whip)

Annotations:
D:8 3 runed translucent doors, kae's ghost, novice HOFi
D:13 1 runed translucent door, Ozxes's ghost, journeyman DDFi
D:15 1 runed translucent door, Flugslaktarn's ghost, journeyman DDFi
Lair:2 3 runed translucent doors, 1 exclusion, Tahy's ghost, journeyman FoEE
Lair:3 exclusion: oklob plant


Innate Abilities, Weirdness & Mutations

You are resistant to damage.
You can heal yourself by infusing magical energy.
You resist negative energy. (rN+)
You passively map a large area around you.
You do not regenerate.


Message History

You slice the deep elf high priest!! You freeze the deep elf high priest.
You kill the deep elf high priest!
Makhleb accepts your kill.
You feel better.
You slash the ice dragon! You hit the golden dragon.
You block the golden dragon's attack.
The golden dragon claws you but does no damage.
You block the golden dragon's attack. You block the ice dragon's attack.
The ice dragon claws you but does no damage.
You block the ice dragon's attack.
You slash the ice dragon!
The ice dragon is heavily wounded.
You hit the golden dragon.
You are feeling very hungry.
The yellow draconian throws acid at you.
The glob of acid hits you. The acid corrodes you!
You are splashed with acid!
* * * LOW HITPOINT WARNING * * *
The golden dragon bites you!!
* * * LOW HITPOINT WARNING * * *
The golden dragon claws you.
You die...

+ ,,* * , * , ,, , , **
, , , * ** * *, *, ,, ,
, ###+## , # * * , *
#....# *#.,, , * , , ,,
#....# *.#* , * , ,
*,#######.#.### d# # ,
*
#.....#.#..)###)##...#
* , *
#.#.#.#.###..)@D.'.∩.'
, *,
,#.#...#..)###D##...#*,
*, #####.#####.... .# #
, , * #..(#.#...#...##
.# ** #.#.#.#.#.#...#
#. , , #.#.....#.#..##
*# * * * * ,
#.#######.##.* , *,, ,
#.##....'..#. , , * * *
* #.....<.#..# * , *


You could see a golden dragon, a yellow draconian and an ice dragon.

Vanquished Creatures
  Xtahua (Vaults:5)
  2 golden dragons
  Jory (Depths:4)
  the Enchantress (Depths:1)
  2 bone dragons
  Arachne (Spider:2)
  3 liches (Depths:1)
  6 tentacled monstrosities (Vaults:5)
  A titan (Vaults:5)
  A tengu reaver (Vaults:5)
  A thorn hunter (Swamp:4)
  2 shadow dragons (Vaults:5)
  3 frost giants
  9 vault wardens
  5 fire giants
  4 ghost moths
  An iron dragon (Vaults:5)
  An orc warlord (Vaults:5)
  Louise (D:14)
  2 deep elf sorcerers
  A draconian scorcher (Depths:5)
  7 emperor scorpions
  2 war gargoyles (Vaults:5)
  A deep elf elementalist (Vaults:5)
  3 spriggan defenders (Depths:1)
  8 ironheart preservers
  6 very ugly things
  3 black draconians (Depths:5)
  A vampire knight (Depths:4)
  An entropy weaver (Spider:2)
  9 stone giants
  A green draconian (Depths:5)
  A red draconian (Depths:5)
  2 deep elf annihilators (Vaults:5)
  A yellow draconian (Depths:5)
  A minotaur (Gauntlet)
  A dire elephant (D:15)
  4 spark wasps (Depths:1)
  12 ettins
  Josephine (Lair:4)
  A deep elf death mage (Vaults:5)
  A large abomination (Depths:5)
  2 deep elf high priests
  A small abomination (Depths:5)
  5 ogre magi
  4 fire dragons
  2 ice dragons (Depths:4)
  28 vault guards
  14 yaktaur captains
  3 great orbs of eyes
  5 hydras
  2 rakshasas (Depths:4)
  A hell beast (Gauntlet)
  4 ghost crabs
  3 spriggan air magi
  2 shambling mangroves
  A centaur warrior (D:14)
  2 dancing weapons (D:14)
  5 alligators
  8 death yaks (D:9)
  3 deep troll shamans
  3 death knights
  A satyr (shapeshifter) (Vaults:4)
  2 tengu warriors
  14 two-headed ogres
  6 deep troll earth magi
  A vampire mage (Depths:1)
  A titan zombie (Vaults:5)
  6 hell knights (Depths:4)
  2 spriggan berserkers
  7 spriggans
  A deep elf knight (Vaults:3)
  8 skeletal warriors
  A death drake (shapeshifter) (Vaults:2)
  4 unseen horrors
  2 spriggan druids (Swamp:4)
  3 wizards
  A spectral hydra (Swamp:4)
  5 necromancers
  7 deep trolls
  Pikel (D:5)
  A wolf spider zombie (D:14)
  2 flayed ghosts
  3 ironbrand convokers
  3 swamp dragons
  4 phantasmal warriors
  22 ugly things
  3 harpies (Vaults:4)
  8 orc knights
  An orb spider (Spider:2)
  A harpy (shapeshifter) (Vaults:2)
  17 wolf spiders
  4 deep elf magi
  A shadow dragon skeleton (Vaults:5)
  An orc sorcerer (Vaults:2)
  An orb spider (shapeshifter) (Vaults:3)
  A mana viper (shapeshifter) (Vaults:3)
  A fire giant zombie (Vaults:5)
  An oklob plant (Swamp:4)
  A moth of wrath (shapeshifter) (Vaults:5)
  4 cyclopes
  A salamander (shapeshifter) (Depths:1)
  2 manticores
  A moth of wrath (Spider:3)
  3 centaur zombies
  Maurice (D:8)
  2 human skeletons
  6 elephants (Lair:4)
  A fire giant skeleton (Vaults:4)
  7 black mambas
  11 vault sentinels
  A titan simulacrum (Vaults:4)
  12 spiny frogs
  A black mamba (shapeshifter) (Vaults:3)
  2 eyes of devastation (Depths:2)
  3 torpor snails
  Maggie (D:8)
  A kobold demonologist (D:14)
  A komodo dragon (Lair:2)
  A komodo dragon (shapeshifter) (Depths:4)
  3 demonic crawlers
  4 freezing wraiths
  4 swamp worm zombies (Swamp:4)
  24 yaktaurs
  7 tengu conjurers
  4 hydra zombies (Swamp:4)
  6 trolls
  A merfolk (shapeshifter) (Vaults:5)
  13 jumping spiders
  3 tyrant leeches
  Prince Ribbit (D:5)
  8 hornets
  9 blink frogs
  7 bog bodies
  31 slime creatures
  A frost giant simulacrum (Vaults:2)
  2 alligator zombies (Swamp:4)
  6 hippogriffs
  A spectral swamp dragon (Swamp:4)
  A wyvern (D:8)
  A shadow (D:15)
  A water elemental (Depths:3)
  17 tarantellas
  38 redbacks
  A spriggan (shapeshifter) (Depths:1)
  An ettin skeleton (Vaults:5)
  5 fire bats (D:10)
  A vampire (D:13)
  3 basilisks
  6 wraiths
  A golden eye (Depths:2)
  28 yaks
  Grum (D:8)
  2 hungry ghosts (D:14)
  11 vampire mosquitoes
  4 wargs
  7 insubstantial wisps
  6 swamp worms
  2 acid dragons
  16 water moccasins
  A floating eye (shapeshifter) (Vaults:5)
  8 porcupines
  4 ice beasts
  A floating eye (Depths:2)
  8 swamp drakes
  3 sky beasts
  21 orc warriors
  2 black bears
  An eye of draining (D:13)
  24 ogres
  7 phantoms
  2 necrophages
  2 swamp dragon zombies (Swamp:4)
  11 wolves
  5 boggarts (Depths:1)
  23 centaurs
  10 crocodiles
  4 big kobolds
  11 bullfrogs
  A gnoll sergeant (D:7)
  A deep troll simulacrum (Vaults:5)
  A wyvern zombie (D:12)
  A wyvern skeleton (D:14)
  3 scorpions
  11 killer bees
  10 wights
  3 electric eels (Lair:1)
  A howler monkey (D:4)
  9 crimson imps
  3 bullfrog zombies
  8 jellies
  Crazy Yiuf (D:6)
  3 bullfrog skeletons
  9 orc priests
  3 centaur skeletons
  7 hounds
  7 iguanas
  Natasha (D:2)
  9 orc wizards
  2 spectral swamp drakes (Swamp:4)
  10 worker ants
  A killer bee zombie (D:8)
  A hound skeleton (D:4)
  4 hound zombies
  13 gnolls
  14 adders
  A swamp drake zombie (Swamp:4)
  2 shadow imps
  2 adder skeletons
  3 adder zombies
  A dart slug (D:1)
  A leopard gecko (D:8)
  54 orcs
  A bat zombie (D:1)
  6 giant cockroaches
  4 goblins (D:1)
  7 hobgoblins
  16 jackals
  3 quokkas
  3 bats
  2 frilled lizards (D:1)
  A jackal zombie (D:5)
  24 kobolds
  2 rats
  A demonic plant (Gauntlet)
  A fungus (Gauntlet)
  3 plants (Gauntlet)
1136 creatures vanquished.

Vanquished Creatures (collateral kills)
  A lich (Vaults:4)
  3 emperor scorpions
  A stone giant (Vaults:4)
  An entropy weaver (Spider:3)
  A hydra (D:15)
  2 deep trolls (Vaults:4)
  4 orb spiders (Spider:4)
  A wolf spider (Spider:4)
  A salamander (D:15)
  A manticore (D:15)
  2 ugly things (D:15)
  A yaktaur (Vaults:4)
  3 jumping spiders
  2 slime creatures (D:15)
  3 redbacks (Spider:4)
  A tarantella (Spider:3)
28 creatures vanquished.

Vanquished Creatures (others)
  A draconian knight (Depths:5)
  2 vampire knights (Depths:1)
  An alligator (Swamp:3)
  A salamander (shapeshifter) (Vaults:4)
  A yaktaur (Depths:1)
  A hornet (Swamp:3)
  A redback (Spider:4)
  5 insubstantial wisps (Swamp:4)
  Edmund (D:5)
  A slave (D:5)
  An ice beast (D:5)
  A swamp drake (Swamp:4)
  A boggart (Depths:1)
  A hound (D:5)
  A bullfrog skeleton (D:5)
  A quokka (D:5)
  A demonic plant (Gauntlet)
  A fungus (Gauntlet)
  4 plants
27 creatures vanquished.

Grand Total: 1191 creatures vanquished

Notes
Turn   | Place    | Note
-------+----------+-------------------------------------------
     0 | D:1      | Flugslaktarn the Deep Dwarf Fighter began the quest for the
                  | Orb.
     0 | D:1      | Reached XP level 1. HP: 20/20 MP: 1/1
   177 | D:1      | Reached XP level 2. HP: 25/27 MP: 2/2
   274 | D:1      | Reached XP level 3. HP: 25/33 MP: 3/3
   436 | D:2      | Noticed Natasha
   443 | D:2      | Killed Natasha
   443 | D:2      | Reached XP level 4. HP: 22/42 MP: 4/4
   608 | D:4      | Reached XP level 5. HP: 34/49 MP: 5/5
   785 | D:4      | Reached XP level 6. HP: 38/57 MP: 6/6
   853 | D:4      | Found an ancient bone altar of Kikubaaqudgha.
  1074 | D:5      | Entered Level 5 of the Dungeon
  1074 | D:5      | Found a staircase to the Ecumenical Temple.
  1074 | D:5      | Noticed a slave
  1074 | D:5      | Noticed a slave
  1074 | D:5      | Noticed a slave
  1076 | D:5      | Noticed Pikel
  1076 | D:5      | Noticed a slave
  1088 | D:5      | Killed Pikel
  1088 | D:5      | Reached skill level 5 in Armour
  1088 | D:5      | Reached skill level 5 in Shields
  1088 | D:5      | Reached XP level 7. HP: 42/64 MP: 6/6
  1095 | Temple   | Entered the Ecumenical Temple
  1195 | Temple   | Became a worshipper of Makhleb the Destroyer
  1230 | D:5      | Noticed Prince Ribbit
  1232 | D:5      | Noticed Edmund
  1251 | D:5      | Reached skill level 1 in Invocations
  1278 | D:5      | Reached XP level 8. HP: 62/73 MP: 6/6
  1292 | D:5      | Killed Edmund
  1347 | D:5      | You fall into a shaft and drop 3 floors!
  1365 | D:8      | Noticed Maurice
  1373 | D:7      | Noticed a hippogriff
  1394 | D:7      | Killed a hippogriff
  1402 | D:7      | Reached * piety under Makhleb
  1529 | D:6      | Reached skill level 5 in Fighting
  1638 | D:6      | Gained mutation: You passively map the area around you.
                  | [Deep Dwarf growth]
  1638 | D:6      | Reached XP level 9. HP: 43/81 MP: 8/8
  1967 | D:5      | Killed Prince Ribbit
  2116 | D:5      | Found a glowing golden altar of the Shining One.
  2380 | D:6      | Found a runed translucent door.
  2381 | D:6      | Noticed Crazy Yiuf
  2386 | D:6      | Killed Crazy Yiuf
  2592 | D:7      | Reached skill level 5 in Invocations
  2796 | D:7      | Reached ** piety under Makhleb
  2986 | D:8      | Found a white marble altar of Elyvilon.
  2986 | D:8      | Found an opulent altar of Gozag.
  3085 | D:8      | Noticed Maggie
  3095 | D:8      | Killed Maggie
  3123 | D:8      | Found an ornate altar of the Wu Jian Council.
  3142 | D:8      | Killed Maurice
  3142 | D:8      | Reached XP level 10. HP: 53/91 MP: 9/9
  3146 | D:8      | Reached skill level 10 in Axes
  3319 | D:8      | Found a runed translucent gate.
  3320 | D:8      | Found a runed translucent gate.
  3321 | D:8      | Found a runed translucent gate.
  3322 | D:8      | Noticed kae's ghost (novice HOFi)
  3434 | D:8      | Noticed Grum
  3440 | D:8      | Killed Grum
  3543 | D:8      | Reached *** piety under Makhleb
  3753 | D:8      | Found a roughly hewn altar of Beogh.
  3881 | D:8      | Found a viscous altar of Jiyva.
  3905 | D:9      | Noticed a death yak
  3906 | D:9      | Noticed a death yak
  3908 | D:9      | Found a staircase to the Lair.
  3908 | D:9      | Noticed a death yak
  3908 | D:9      | Noticed a death yak
  3909 | D:9      | Noticed a death yak
  3910 | D:9      | Noticed a death yak
  3911 | D:9      | Noticed a death yak
  3912 | D:9      | Noticed a death yak
  3917 | D:9      | Killed a death yak
  3933 | D:9      | Killed a death yak
  3942 | D:9      | Killed a death yak
  3946 | D:9      | Killed a death yak
  3957 | D:9      | Killed a death yak
  3957 | D:9      | Reached XP level 11. HP: 63/100 MP: 9/9
  3977 | D:9      | Killed a death yak
  3983 | D:9      | Killed a death yak
  3986 | D:9      | Killed a death yak
  4182 | D:9      | Reached **** piety under Makhleb
  4356 | D:9      | Noticed a two-headed ogre
  4361 | D:9      | Killed a two-headed ogre
  4802 | D:10     | Entered Level 10 of the Dungeon
  4814 | D:10     | Noticed a fire giant
  4832 | D:10     | Killed a fire giant
  5239 | D:10     | Killed an unseen horror
  5419 | D:10     | Reached XP level 12. HP: 110/110 MP: 12/12
  5666 | D:11     | Found a portal to a secret trove of treasure.
  5835 | D:11     | Reached ***** piety under Makhleb
  5895 | D:11     | Noticed a five-headed hydra
  5906 | D:11     | Killed a 12-headed hydra
  6014 | D:11     | Noticed a two-headed ogre
  6022 | D:11     | Killed a two-headed ogre
  6022 | D:11     | Reached skill level 10 in Shields
  6287 | D:11     | Noticed a two-headed ogre
  6291 | D:11     | Killed a two-headed ogre
  6291 | D:11     | Reached skill level 10 in Armour
  6291 | D:11     | Reached skill level 10 in Invocations
  6470 | D:12     | Found Isot's Magic Scroll Emporium.
  6483 | D:12     | Bought a scroll of enchant armour for 105 gold pieces
  6483 | D:12     | Bought a scroll of immolation for 49 gold pieces
  6483 | D:12     | Bought a scroll of immolation for 49 gold pieces
  6485 | D:12     | Found a staircase to the Orcish Mines.
  6606 | D:12     | Found a gate leading to a gauntlet.
  6654 | Gauntlet | Entered a Gauntlet
  6654 | Gauntlet | Found a transporter.
  6654 | Gauntlet | Found a transporter.
  6654 | Gauntlet | Noticed an eight-headed hydra
  6655 | Gauntlet | Found a transporter.
  6655 | Gauntlet | Found a transporter.
  6658 | Gauntlet | Found a transporter.
  6669 | Gauntlet | Found a transporter.
  6675 | Gauntlet | Found a transporter.
  6677 | Gauntlet | Found a transporter.
  6690 | Gauntlet | Found a transporter.
  6712 | Gauntlet | Found a transporter.
  6737 | Gauntlet | Found a transporter.
  6804 | Gauntlet | Noticed a hell beast
  6805 | Gauntlet | Found a transporter.
  6851 | Gauntlet | Killed a 14-headed hydra
  6857 | Gauntlet | Got a bloodstained cloak
  6898 | Gauntlet | Killed a hell beast
  6906 | Gauntlet | Got a pair of twisted boots
  6917 | Gauntlet | Identified the +2 cloak "Aleliem" {rC++} (You found it in a
                  | Gauntlet)
  6927 | Gauntlet | Identified the cursed -1 pair of boots of Lesicur {rF+ rC-
                  | rN+} (You found it in a Gauntlet)
  6942 | Gauntlet | Noticed a minotaur
  6959 | Gauntlet | Killed a minotaur
  7037 | D:12     | Found Kigruomm's Gadget Shoppe.
  7061 | D:12     | Found Roruived's Assorted Antiques.
  7078 | D:12     | Bought a metallic green potion for 29 gold pieces
  7339 | D:13     | Reached XP level 13. HP: 116/120 MP: 11/11
  7387 | D:13     | Reached ****** piety under Makhleb
  7411 | D:13     | Found a runed translucent door.
  7469 | D:13     | Noticed Ozxes's ghost (journeyman DDFi)
  8167 | D:14     | Noticed Louise
  8233 | D:14     | Killed Louise
  8233 | D:14     | Reached skill level 15 in Axes
  8436 | D:14     | Found a gate to the Vaults.
  8570 | D:15     | Entered Level 15 of the Dungeon
  8938 | D:15     | Gained mutation: You resist negative energy. (rN+) [Deep
                  | Dwarf growth]
  8938 | D:15     | Reached XP level 14. HP: 124/130 MP: 13/13
  9233 | D:15     | Found a staircase to the Depths.
  9337 | D:15     | Reached skill level 10 in Fighting
  9350 | D:15     | Found a runed translucent door.
  9350 | D:15     | Noticed Flugslaktarn's ghost (journeyman DDFi)
  9571 | Lair:1   | Entered Level 1 of the Lair of Beasts
  9866 | Lair:2   | Found a runed translucent gate.
  9866 | Lair:2   | Found a runed translucent gate.
  9866 | Lair:2   | Found a runed translucent gate.
  9868 | Lair:2   | Noticed Tahy's ghost (journeyman FoEE)
 11090 | Lair:3   | Found a hole to the Spider Nest.
 11154 | Spider:1 | Entered Level 1 of the Spider Nest
 11154 | Spider:1 | Noticed an emperor scorpion
 11243 | Spider:1 | Killed an emperor scorpion
 11415 | Spider:2 | Killed a ghost moth
 11428 | Spider:2 | Noticed Arachne
 11441 | Spider:2 | Noticed an emperor scorpion
 11491 | Spider:2 | Killed an emperor scorpion
 11491 | Spider:2 | Reached XP level 15. HP: 46/140 MP: 8/10
 11516 | Spider:2 | Killed Arachne
 11670 | Spider:4 | Entered Level 4 of the Spider Nest
 11871 | Spider:4 | Killed a ghost moth
 11875 | Spider:4 | Killed a ghost moth
 11941 | Spider:4 | Killed a ghost moth
 11954 | Spider:4 | Got a gossamer rune of Zot
 12410 | Lair:3   | Found a blossoming altar of Fedhas.
 12462 | Lair:4   | Noticed Josephine
 12481 | Lair:4   | Killed Josephine
 12936 | Lair:4   | Found a staircase to the Swamp.
 12972 | Swamp:1  | Entered Level 1 of the Swamp
 13011 | Swamp:2  | Reached XP level 16. HP: 150/150 MP: 8/8
 13295 | Swamp:3  | Paralysed by a hornet for 1 turns
 13435 | Swamp:4  | Entered Level 4 of the Swamp
 13676 | Swamp:4  | Noticed a thorn hunter
 13705 | Swamp:4  | Killed a thorn hunter
 14285 | Swamp:4  | Noticed a bone dragon
 14454 | Swamp:4  | Reached skill level 15 in Invocations
 14474 | Swamp:4  | Killed a bone dragon
 14480 | Swamp:4  | Got a decaying rune of Zot
 14844 | Vaults:1 | Entered Level 1 of the Vaults
 15234 | Vaults:2 | Found a staircase to the Crypt.
 15234 | Vaults:2 | Found an ancient bone altar of Kikubaaqudgha.
 15245 | Vaults:2 | Reached XP level 17. HP: 159/159 MP: 8/8
 15246 | Vaults:2 | Found a basalt altar of Yredelemnul.
 15864 | Vaults:4 | Noticed a lich
 15897 | Vaults:4 | Reached skill level 15 in Shields
 15900 | Vaults:4 | Reached skill level 15 in Armour
 15909 | Vaults:4 | Killed a lich
 16069 | Vaults:4 | Found the amulet of the Air {Inacc +Fly rElec EV+5 RMsl}
 16118 | Vaults:4 | Found Nacleh's General Store.
 16338 | Vaults:5 | Entered Level 5 of the Vaults
 16339 | Vaults:5 | Noticed a tentacled monstrosity
 16343 | Vaults:5 | Noticed a golden dragon
 16364 | Vaults:5 | Killed a golden dragon
 16364 | Vaults:5 | Gained mutation: You passively map a large area around you.
                  | [Deep Dwarf growth]
 16364 | Vaults:5 | Reached XP level 18. HP: 123/175 MP: 6/6
 16404 | Vaults:5 | Noticed a tentacled monstrosity
 16417 | Vaults:5 | Killed a tentacled monstrosity
 16591 | Vaults:5 | Got a silver rune of Zot
 16642 | Vaults:5 | Noticed a tentacled monstrosity
 16654 | Vaults:5 | Killed a tentacled monstrosity
 16677 | Vaults:5 | Killed a tentacled monstrosity
 16703 | Vaults:5 | Identified the ring "Pearefocko" {rPois Int+2 Dex+3}
 16754 | Vaults:5 | Reached skill level 15 in Fighting
 16756 | Vaults:5 | Noticed an ancient lich
 16764 | Vaults:5 | Noticed a Hell Sentinel
 16768 | Vaults:5 | Noticed Xtahua
 16777 | Vaults:5 | Noticed a tentacled monstrosity
 16903 | Vaults:5 | Got a pair of dazzling boots
 16904 | Vaults:5 | Identified the +0 pair of boots of Fallacy {MR++ Dex+9
                  | Stlth-} (You found it on level 5 of the Vaults)
 16932 | Vaults:5 | Noticed a tentacled monstrosity
 16949 | Vaults:5 | Killed a tentacled monstrosity
 17074 | Vaults:5 | Reached XP level 19. HP: 188/188 MP: 4/4
 17086 | Vaults:5 | Killed Xtahua
 17437 | Depths:1 | Entered Level 1 of the Depths
 17437 | Depths:1 | Found a gateway to Hell.
 17437 | Depths:1 | Noticed the Enchantress
 17533 | Depths:1 | Paralysed by a wizard for 2 turns
 17538 | Depths:1 | Killed the Enchantress
 17668 | Depths:1 | Noticed a lich
 17691 | Depths:1 | Noticed a lich
 17700 | Depths:1 | Killed a lich
 17713 | Depths:1 | Killed a lich
 17857 | Depths:2 | Reached XP level 20. HP: 116/201 MP: 4/4
 17906 | Depths:4 | Noticed Jory
 17942 | Depths:4 | Killed Jory
 18349 | Depths:5 | Entered Level 5 of the Depths
 18394 | Depths:5 | Noticed a bone dragon
 18396 | Depths:5 | Noticed a golden dragon
 18407 | Depths:5 | Found a gate to the Realm of Zot.
 18432 | Depths:5 | Killed a bone dragon
 18469 | Depths:5 | Killed a golden dragon
 18541 | Depths:5 | Noticed a golden dragon
 18551 | Depths:5 | HP: 3/204 [golden dragon (21)]
 18551 | Depths:5 | Slain by a golden dragon

Levels and vault maps discovered:
D:1:      saegor_arrival_fortress, layout_basic, minmay_3d_cube
D:2:      minmay_door_path, layout_basic, serial_park_tiny_1, uniq_natasha
D:3:      layout_loops_ring, chequers_ecumenical_altar_lobes, first_ration
D:4:      layout_cave_pools, kennysheep_mini_moat
D:5:      layout_rooms, minmay_temple_entry_butterflies, tso_altar, uniq_pikel,
          uniq_edmund, uniq_prince_ribbit1
D:6:      layout_rooms, serial_glass, glass_columns_c, glass_columns_b,
          glass_columns_a, glass_columns_a, glass_columns_b, glass_columns_b,
          glass_columns_c, glass_columns_b, glass_columns_a, glass_columns_a,
          uniq_crazy_yiuf_cottage
D:7:      layout_loops_ring
D:8:      layout_basic, nicolae_overflow_crystal_walls,
          gammafunk_temple_overflow_statue, gammafunk_ghost_ooze,
          david_defended_altar_orc, uniq_maggie, uniq_grum, uniq_maurice
D:9:      layout_loops_ring, nicolae_overflow_hidden_temple, dpeg_lair_monsters,
          serial_rivers, chequers_serial_rivers_micro_a,
          chequers_serial_rivers_micro_b, chequers_serial_rivers_micro_e,
          chequers_serial_rivers_large_b, chequers_serial_rivers_small_3
D:10:     minmay_firetagon, layout_cave_pods
D:11:     layout_loops_ring, nicolae_trove_entry_crossroad
D:12:     layout_roguey, orc_david_3, gauntlet_entry_generic, serial_shops,
          shop_statue, nicolae_shop_stone, shop
D:13:     layout_cave_pools, hellmonk_ghost_happy_afterlife, grunt_pizzeria,
          nicolae_sextant
D:14:     layout_big_octagon, erik_vaults_1, chequers_jeans, dk_noncrumbling_4,
          uniq_louise
D:15:     hangedman_depths_entry_try_elsewhere_first, layout_loops_ring,
          ebering_ghost_reflecting_pool
Temple:   regret_index_temple_sphere_string
Lair:1:   layout_long_grid, serial_bayou_pond_b, grunt_megastairs_5,
          serial_bayou_shore_b, infiniplex_staircase_pool
Lair:2:   minmay_guarded_unrand_snakebite, layout_cave_pods,
          ebering_ghost_rock_garden, grunt_megastairs_3, serial_bayou_shore_b
Lair:3:   dragon1_lemuel, layout_cave_shapes, spider_nest_entry_funnel_web,
          chequers_serial_rivers_small_b, tgw_fedhas
Lair:4:   layout_cave_pods, minmay_swamp_entry_reptiles, serial_bayou_pond_b,
          uniq_josephine
Swamp:1:  layout_falls_marsh, serial_swamp_ruin, evilmike_swamp_ruin_rubble_1,
          evilmike_swamp_ruin_rubble_2, evilmike_swamp_ruin_wall, uniq_aizul
Swamp:2:  layout_falls_marsh, nicolae_swamp_treefoil
Swamp:3:  layout_falls_marsh, nicolae_swamp_dense_foliage, swamp_pool3
Swamp:4:  swamp_pestilence, layout_basic_swamp, infiniplex_staircase_pool_2
Spider:1: layout_spider_delve, drop_trap
Spider:2: layout_spider_delve, hangedman_spider_mandibles, uniq_arachne,
          uniq_kirke
Spider:3: layout_spider_delve, uniq_azrael
Spider:4: grunt_spider_rune_circles
Vaults:1: nicolae_vaults_network_star, v_misc_11, hangedman_vaults_slice,
          vaults_mumra_hexcomb, vaults_mumra_chevron, v_misc_2, v_misc_2,
          vaults_room_door_ring, nicolae_vaults_rhombus_6, vaults_room_pool,
          nicolae_vaults_theta, nicolae_vaults_specimen_jars,
          layout_vaults_omnigrid, uniq_asterion
Vaults:2: nicolae_vaults_mini_display_case, dpeg_vaults_waves,
          nicolae_vaults_network_periphery, ontoclasm_vaults_claustrophobia,
          nicolae_vaults_gold_heap, hangedman_vaults_nodes, v_misc_12,
          v_alt_pattern_2, v_misc_25, minmay_crypt_entry_necro_gods,
          vaults_room_fours, nicolae_vaults_diagonal_hallway_7,
          vaults_room_hallway, layout_vaults_omnicross, basic_altar
Vaults:3: nicolae_vaults_theta, nicolae_vaults_three_branches,
          vaults_mumra_minichess_inversion, ontoclasm_vaults_chip,
          ontoclasm_vaults_loading_screen, nicolae_vaults_little_squares_1,
          ontoclasm_vaults_chip, ontoclasm_vaults_ring_square,
          nicolae_vaults_border_crossing, nicolae_vaults_little_ls,
          layout_vaults_omnibox
Vaults:4: nicolae_vaults_little_squares_2, vaults_dpeg_doors,
          vaults_room_hangedman_quadrants, v_misc_23, v_misc_24, v_misc_18,
          v_misc_27, hangedman_vaults_corner, grunt_vaults_twisty,
          ontoclasm_vaults_ring_small, layout_vaults_maze_bifur,
          mu_enter_wizlab_2, serial_shops, nicolae_shop_stone,
          nicolae_shop_stone
Vaults:5: uniq_xtahua, uniq_sojobo, uniq_margery
Depths:1: minmay_the_grid_square_5x5_5x5_mashed
          [minmay_the_grid_square_5x5_plus, minmay_the_grid_square_5x5_tie,
          minmay_the_grid_square_5x5_shuriken,
          minmay_the_grid_square_5x5_sharp_hourglass,
          minmay_the_grid_square_5x5_longway,
          minmay_the_grid_square_5x5_shrine2,
          minmay_the_grid_square_5x5_prize_pseudospiral,
          minmay_the_grid_square_5x5_inner_v,
          minmay_the_grid_square_5x5_prize_itemx,
          minmay_the_grid_square_5x5_doubleslash,
          minmay_the_grid_square_5x5_trominoes,
          minmay_the_grid_square_5x5_six_small,
          minmay_the_grid_square_5x5_prize_gold,
          minmay_the_grid_square_5x5_dogpile,
          minmay_the_grid_square_5x5_tri_point, minmay_the_grid_square_5x5_v,
          minmay_the_grid_square_5x5_prize_monsterx,
          minmay_the_grid_square_5x5_inner_z,
          minmay_the_grid_square_5x5_prize_deathbox,
          minmay_the_grid_square_5x5_slash,
          minmay_the_grid_square_5x5_pentomino_r,
          minmay_the_grid_square_5x5_tetrominoes,
          minmay_the_grid_square_5x5_three_walls,
          minmay_the_grid_square_5x5_hollow_slash,
          minmay_the_grid_square_5x5_n_small], layout_cave_pools,
          rand_demon_pan_entry_3, hell_entry, nicolae_twisting_strands,
          abyss_entry_flame_altar, kilobyte_mutagenic_chamber, uniq_enchantress
Depths:2: hangedman_surveillance_ring, layout_twisted_cross, hell_entry,
          rand_demon_pan_entry_7, special_room [special_room_magic_class]
Depths:3: cross_vault, layout_cave_pools, pan_entry, kennysheep_another_room,
          pf_vacation_house_of_asmodeus
Depths:4: evilmike_silver_temple, layout_gridlike,
          minmay_misc_feat_more_columns, hell_entry,
          nicolae_abyss_entry_one_way_or_another, serial_bayou_shore_b,
          uniq_jory
Depths:5: grunt_crosshair, layout_honeycomb, enter_ziggurat_c, hell_entry,
          evilmike_ruin_ashenzari, minmay_misc_feat_ornament

Skill      XL: |  1  2  3  4  5  6  7  8  9 10 11 12 13 14 15 16 17 18 19 20 |
---------------+-------------------------------------------------------------+-----
Axes           | 3 4 6 8 9 11 12 14 15 16 17 18 | 18.9
Fighting       | 3 4 5 6 7 8 9 10 11 12 14 15 17 18 | 18.1
Armour         | 4 5 6 7 8 9 10 11 12 13 14 15 16 17 18 | 18.0
Shields        | 4 5 6 7 8 9 10 11 12 13 14 15 16 17 18 | 18.1
Invocations    | 1 4 6 7 9 10 12 13 14 15 | 15.3

Action                   |  1- 3 |  4- 6 |  7- 9 | 10-12 | 13-15 | 16-18 | 19-21 || total
-------------------------+-------+-------+-------+-------+-------+-------+-------++-------
Melee: War axe           |    85 |    38 |       |       |       |       |       ||   123
       Broad axe         |       |    74 |   276 |   554 |  1153 |  1472 |   718 ||  4247
Invok: Lesser Servant of |       |       |       |     1 |     8 |       |       ||     9
       Greater Servant o |       |       |       |       |     5 |     2 |       ||     7
 Abil: Heal Wounds       |       |     5 |    17 |    17 |    40 |    20 |    15 ||   114
Evoke: Wand              |       |       |       |       |     1 |       |     1 ||     2
  Use: Scroll            |       |       |     4 |    13 |    13 |    12 |       ||    42
       Potion            |       |       |       |     6 |    12 |     4 |     1 ||    23
 Stab: Invisible         |       |       |       |       |     3 |       |       ||     3
       Distracted        |       |       |       |       |     3 |       |       ||     3
       Confused          |       |       |       |       |     3 |     1 |     5 ||     9
  Eat: Chunk             |       |     1 |     4 |    12 |    22 |     7 |     4 ||    50
       Ration            |       |       |     1 |     1 |       |     3 |       ||     5
Armor: Scale mail        |    58 |    49 |    47 |       |       |       |       ||   154
       Chain mail        |       |       |   109 |   300 |       |       |       ||   409
       Plate armour      |       |       |       |    38 |  1026 |   534 |       ||  1598
       Swamp dragon scal |       |       |       |       |       |    15 |       ||    15
       Gold dragon scale |       |       |       |       |       |   222 |   480 ||   702
       Skin              |       |       |       |       |       |       |    62 ||    62
Dodge: Dodged            |    29 |    51 |   105 |   149 |   280 |   198 |    81 ||   893
Block: Kite shield       |    55 |    73 |   195 |   388 |   140 |       |       ||   851
       Tower shield      |       |       |       |       |  1114 |  1320 |   864 ||  3298

Table legend:
 A = Non-vault XP
 B = Vault XP
 C = Vault XP percentage of total XP
 D = Non-vault monster count
 E = Vault monster count
 F = Vault count percentage of total count
                 A         B        C        D         E       F
            +---------+---------+-------+---------+---------+-------
      Total |  279512 |  259772 |  48.2 |     840 |     329 |  28.1
            +---------+---------+-------+---------+---------+-------
        D:1 |      30 |      28 |  48.3 |      18 |       5 |  21.7
        D:2 |      16 |      36 |  69.2 |       3 |       1 |  25.0
        D:3 |       8 |       0 |   0.0 |       5 |       0 |   0.0
        D:4 |     283 |       0 |   0.0 |      18 |       0 |   0.0
        D:5 |     450 |    1043 |  69.9 |      10 |       3 |  23.1
        D:6 |    1040 |      42 |   3.9 |      30 |       1 |   3.2
        D:7 |    1432 |       0 |   0.0 |      24 |       0 |   0.0
        D:8 |    1398 |    1141 |  44.9 |      31 |       8 |  20.5
        D:9 |    2733 |    7033 |  72.0 |      30 |       8 |  21.1
       D:10 |    2449 |    2719 |  52.6 |      33 |       6 |  15.4
       D:11 |    6528 |       0 |   0.0 |      49 |       0 |   0.0
       D:12 |    4658 |     275 |   5.6 |      30 |       5 |  14.3
       D:13 |    8446 |     133 |   1.6 |      44 |       1 |   2.2
       D:14 |    9093 |    3380 |  27.1 |      38 |       3 |   7.3
       D:15 |   13584 |    1957 |  12.6 |      28 |       4 |  12.5
     Lair:1 |    2098 |     229 |   9.8 |      13 |       2 |  13.3
     Lair:2 |    5137 |    1705 |  24.9 |      21 |       9 |  30.0
     Lair:3 |    3407 |    1907 |  35.9 |      22 |       4 |  15.4
     Lair:4 |    7399 |    2444 |  24.8 |      17 |      11 |  39.3
    Swamp:1 |     447 |       0 |   0.0 |       3 |       0 |   0.0
    Swamp:2 |    7433 |       0 |   0.0 |      20 |       0 |   0.0
    Swamp:3 |    7906 |       0 |   0.0 |      19 |       0 |   0.0
    Swamp:4 |   16262 |   12893 |  44.2 |      39 |      31 |  44.3
   Spider:1 |    7655 |       0 |   0.0 |      19 |       0 |   0.0
   Spider:2 |   12661 |    3345 |  20.9 |      28 |       1 |   3.4
   Spider:3 |    5024 |       0 |   0.0 |       8 |       0 |   0.0
   Spider:4 |    6298 |   18903 |  75.0 |      25 |      35 |  58.3
   Vaults:1 |    4426 |       0 |   0.0 |       9 |       0 |   0.0
   Vaults:2 |    5340 |    9547 |  64.1 |       9 |      23 |  71.9
   Vaults:3 |   11113 |   18592 |  62.6 |      19 |      34 |  64.2
   Vaults:4 |   29645 |   10205 |  25.6 |      46 |      10 |  17.9
   Vaults:5 |   33915 |   87588 |  72.1 |      54 |      63 |  53.8
   Depths:1 |   22145 |   44395 |  66.7 |      33 |      38 |  53.5
   Depths:2 |       0 |    1236 | 100.0 |       0 |       5 | 100.0
   Depths:3 |     221 |       0 |   0.0 |       1 |       0 |   0.0
   Depths:4 |   35785 |    4025 |  10.1 |      41 |       1 |   2.4
   Depths:5 |    3047 |   21369 |  87.5 |       3 |      13 |  81.2
   Gauntlet |       0 |    3602 | 100.0 |       0 |       4 | 100.0
            +---------+---------+-------+---------+---------+-------
